 Dungeon Crawl Stone Soup version 0.26-a0-466-g989023bd0d (webtiles) character file.

Game seed: 3406467438394066471

8600 Apogee the Grappler (level 11, -16/111 HPs)
             Began as a Troll Berserker on Aug 12, 2020.
             Was a High Priest of Trog.
             Demolished by a yellow draconian knight
             ... wielding a +2 war axe
              (24 damage)
             ... on level 2 of the Abyss.
             The game lasted 00:11:41 (5890 turns).

Apogee the Grappler (Troll Berserker)               Turns: 5890, Time: 00:11:41

Health: -16/111    AC:  6    Str: 29    XL:     11   Next: 12%
Magic:  10/10      EV: 13    Int:  4    God:    Trog [*****.]
Gold:   486        SH:  0    Dex:  9    Spells: 10/10 levels left

rFire    + + .     SeeInvis .     - Unarmed
rCold    + + .     Faith    .   (no shield)
rNeg     . . .     Spirit   .   v - +0 robe "Sico" {rF+ rC+ MR+ Regen+} (curse)
rPois    .         Reflect  .   (helmet restricted)
rElec    .         Harm     .   D - scarf {rC+ rF+}
rCorr    .                      (gloves unavailable)
MR       ++++.                  (boots unavailable)
Stlth    ++........             A - amulet of the acrobat
HPRegen  2.08/turn              z - ring of stealth
MPRegen  0.12/turn              l - ring of protection from magic

@: about to teleport, berserk cooldown, regenerating, slowed, very slow
A: large, unfitting armour, claws 3, regeneration 1, shaggy fur 1, tough skin 3
a: Berserk, Trog's Hand, Brothers in Arms, Renounce Religion


You were on level 2 of the Abyss.
You worshipped Trog.
Trog was extremely pleased with you.
You visited 2 branches of the dungeon, and saw 10 of its levels.
You visited the Abyss 1 time.

You collected 486 gold pieces.

Inventory:

Hand Weapons
 j - a +0 giant club
   (You took it off an ogre on level 4 of the Dungeon)
 m - a +0 giant spiked club
   (You took it off an ogre on level 4 of the Dungeon)
Missiles
 c - 136 stones (quivered)
Armour
 a - a +0 animal skin
 p - a +0 tower shield
   (You found it on level 5 of the Dungeon)
 v - the cursed +0 robe "Sico" (worn) {rF+ rC+ MR+ Regen+}
   (You found it on level 6 of the Dungeon)

   It protects you from fire.
   It protects you from cold.
   It affects your resistance to hostile enchantments.
   It increases your rate of regeneration.
   It has a curse placed upon it.
 D - a scarf of resistance (worn)
   (You found it on level 9 of the Dungeon)
Jewellery
 l - a ring of protection from magic (right claw)
   (You found it on level 4 of the Dungeon)
 n - an uncursed ring of resist corrosion
   (You found it on level 4 of the Dungeon)
 z - a ring of stealth (left claw)
   (You found it on level 6 of the Dungeon)
 A - an amulet of the acrobat (around neck)
   (You found it on level 7 of the Dungeon)
 B - a cursed amulet of inaccuracy
   (You found it on level 7 of the Dungeon)
Wands
 t - a wand of clouds (12)
   (You found it on level 6 of the Dungeon)
 u - a wand of paralysis (5)
   (You found it on level 6 of the Dungeon)
 x - a wand of acid (8)
   (You found it on level 7 of the Dungeon)
Scrolls
 b - a scroll of noise {unknown}
 e - 2 scrolls of random uselessness
 f - 5 scrolls of teleportation {@r4}
 g - 4 scrolls of immolation {unknown}
 h - 8 scrolls of remove curse {@r2}
 k - 2 scrolls of blinking {unknown}
 s - 3 scrolls of amnesia {unknown}
 w - a scroll of fear {unknown}
 y - a scroll of enchant armour {unknown}
 C - a scroll of identify {@r1}
 F - a scroll of magic mapping {unknown}
Potions
 d - 5 potions of stabbing
 i - a potion of resistance
 o - 6 potions of curing {@q1}
 q - 2 potions of haste {@q3}
 E - a potion of lignification {unknown}
 G - a potion of heal wounds {unknown}


   Skills:
 + Level 8.0 Fighting
 + Level 8.0 Dodging
 - Level 12.0 Unarmed Combat


You had 10 spell levels left.
You didn't know any spells.
Your spell library was empty.

Dungeon Overview and Level Annotations

Branches:
Dungeon (10/15)            Temple (1/1) D:4            Lair (0/6) D:8
    Orc: D:9-12

Altars:
Nemelex Xobeh
Okawaru
Sif Muna
Trog
Beogh

Annotations:
D:10 Psyche


Innate Abilities, Weirdness & Mutations

You are too large for most types of armour.
You have claws for hands.
Your natural rate of healing is unusually fast.
You are covered in fur. (AC +1)
You have extremely tough skin. (AC +3)


Message History

You mangle the small abomination!! The small abomination hits you!!
You scratch the small abomination but do no damage.
The small abomination hits you!!
You hear some strange, mumbled words.
A bolt of cold appears from out of thin air!
The bolt of cold misses you.
Unknown command.
You scratch the small abomination but do no damage.
The small abomination hits you!
* * * LOW HITPOINT WARNING * * *
You hear a splashing noise.
The small abomination misses you.
Your troll goes berserk!
The small abomination hits you.
* * * LOW HITPOINT WARNING * * *
Something hits you!!
* * * LOW HITPOINT WARNING * * *
Something hits your troll!
A stone giant zombie comes into view.
Your troll bites the small abomination!!
The small abomination is destroyed!
Trog accepts your kill.
Your Dodging skill increases to level 8!
Something hits your troll!
Okay, then.
Your skin crawls.
You feel resistant to hostile enchantments.
You hear some strange, mumbled words.
A bolt of cold appears from out of thin air!
The bolt of cold hits your troll!!!
Your troll dies!
Your troll's corpse disappears in a puff of smoke!
The bolt of cold misses you.
You're still recovering from your berserk rage.
Unknown command.
As you read the scroll labeled TUONYISIAS, it crumbles to dust.
You feel strangely unstable.
You feel the power of the Abyss delaying your translocation!
It was a scroll of teleportation.
Something hits you!
* * * LOW HITPOINT WARNING * * *
You miss something.
You hear some strange, mumbled words.
A shard of ice appears from out of thin air!
The shard of ice hits you!! You partially resist.
* * * LOW HITPOINT WARNING * * *
Unknown command.
You scratch something but do no damage. Your claw misses something.
Something hits you!!
You die...

. .#.$... ≈# #
#. ## .## .≈#
#.
##..≈#.≈##≈.#
≈# .# .
#.#≈≈.#≈.. #≈
.# .##
#Z≈≈≈≈.#≈####.
#.. ...
#§♣.≈≈≈≈≈..#.
#..... # ≈.#
...#..#.. ..
## #.##{# ...
# . #.#@.# ##
....#. ######
##. .##.. #...
.# #..##§#. #
. . # # .
##..# # .


There were no monsters in sight!

Vanquished Creatures
  2 two-headed ogres
  A thrashing horror (Abyss:2)
  An unseen horror (D:10)
  Pikel (D:9)
  A hornet (D:10)
  3 hippogriffs
  Sigmund (D:4)
  A ynoxinul (Abyss:2)
  Menkaure (D:4)
  3 wargs (D:7)
  2 water moccasins
  6 orc warriors
  A phantom (D:4)
  An ice beast (D:6)
  4 ogres
  2 centaurs
  A crocodile (D:9)
  A big kobold (D:9)
  6 bullfrogs
  4 scorpions
  An electric eel (D:10)
  2 howler monkeys
  3 hounds
  A quasit (D:5)
  8 orc priests
  3 centaur skeletons
  A jelly (D:5)
  2 bullfrog skeletons
  2 iguanas (D:5)
  Jessica (D:8)
  15 orc wizards
  10 worker ants
  A howler monkey zombie (D:5)
  A worker ant zombie (D:6)
  10 adders
  A howler monkey skeleton (D:8)
  A gnoll (D:1)
  3 shadow imps
  4 white imps
  3 ufetubi
  An ooze (D:1)
  A dart slug (D:1)
  4 leopard geckos
  51 orcs
  6 giant cockroaches
  5 goblins (D:1)
  2 hobgoblins (D:1)
  5 jackals (D:5)
  5 quokkas
  A ball python (D:5)
  4 bats (D:1)
  8 frilled lizards
  A jackal skeleton (D:4)
  6 kobolds
  A leopard gecko skeleton (D:7)
  2 quokka zombies
  6 rats
225 creatures vanquished.

Vanquished Creatures (collateral kills)
  A small abomination (Abyss:2)
1 creature vanquished.

Vanquished Creatures (others)
  3 plants (D:10)
3 creatures vanquished.

Grand Total: 229 creatures vanquished

Notes
Turn   | Place    | Note
-------+----------+-------------------------------------------
     0 | D:1      | Apogee the Troll Berserker began the quest for the Orb.
     0 | D:1      | Reached XP level 1. HP: 22/22 MP: 0/0
    73 | D:1      | Reached XP level 2. HP: 20/29 MP: 1/1
   317 | D:1      | Reached XP level 3. HP: 36/36 MP: 2/2
   403 | D:1      | Reached ** piety under Trog
   709 | D:2      | You fall into a shaft and drop 2 floors!
   716 | D:4      | Reached skill level 4 in Unarmed Combat
   716 | D:4      | Reached XP level 4. HP: 35/44 MP: 3/3
   819 | D:4      | Noticed Menkaure
   822 | D:4      | Killed Menkaure
   822 | D:4      | Reached skill level 5 in Unarmed Combat
   822 | D:4      | Reached XP level 5. HP: 53/53 MP: 4/4
   829 | D:4      | Reached XP level 6. HP: 61/61 MP: 5/5
   873 | D:4      | Found a staircase to the Ecumenical Temple.
  1034 | D:4      | Noticed Sigmund
  1043 | D:4      | Killed Sigmund
  1043 | D:4      | Reached skill level 6 in Unarmed Combat
  1043 | D:4      | Reached XP level 7. HP: 70/70 MP: 6/6
  1248 | D:4      | Found a sparkling altar of Nemelex Xobeh.
  1373 | D:4      | Reached skill level 7 in Unarmed Combat
  1537 | Temple   | Entered the Ecumenical Temple
  1563 | D:5      | Entered Level 5 of the Dungeon
  1590 | D:5      | Reached XP level 8. HP: 69/79 MP: 7/7
  1737 | D:5      | Reached *** piety under Trog
  2341 | D:5      | Reached skill level 5 in Dodging
  2341 | D:5      | Reached skill level 8 in Unarmed Combat
  2349 | D:5      | Reached skill level 5 in Fighting
  2431 | D:6      | Reached **** piety under Trog
  2516 | D:6      | Got an opalescent robe
  2527 | D:6      | Identified the cursed +0 robe "Sico" {rF+ rC+ MR+ Regen+}
                  | (You found it on level 6 of the Dungeon)
  2572 | D:6      | Reached XP level 9. HP: 86/88 MP: 8/8
  2594 | D:6      | Reached skill level 9 in Unarmed Combat
  2978 | D:6      | Found a glowing drain.
  3594 | D:7      | Noticed a moth of wrath
  3613 | D:7      | Found a bloodstained altar of Trog.
  3956 | D:7      | Reached skill level 10 in Unarmed Combat
  3969 | D:8      | Noticed a two-headed ogre
  4005 | D:8      | Killed a two-headed ogre
  4007 | D:8      | Reached XP level 10. HP: 51/100 MP: 9/9
  4095 | D:8      | Reached ***** piety under Trog
  4145 | D:8      | Found a staircase to the Lair.
  4361 | D:8      | Reached skill level 11 in Unarmed Combat
  4405 | D:8      | Found a roughly hewn altar of Beogh.
  4452 | D:8      | Found the +3 pair of gauntlets of War {Slay+5}
  4750 | D:8      | Noticed Jessica
  4757 | D:8      | Killed Jessica
  4762 | D:8      | Found a shimmering blue altar of Sif Muna.
  4873 | D:9      | Noticed Pikel
  4884 | D:9      | Killed Pikel
  5533 | D:9      | Found an iron altar of Okawaru.
  5555 | D:10     | Entered Level 10 of the Dungeon
  5636 | D:10     | Noticed a two-headed ogre
  5646 | D:10     | Killed a two-headed ogre
  5653 | D:10     | Killed an unseen horror
  5653 | D:10     | Reached skill level 12 in Unarmed Combat
  5656 | D:10     | Received a gift from Trog
  5740 | D:10     | Reached XP level 11. HP: 110/111 MP: 10/10
  5794 | D:10     | Noticed Psyche
  5794 | D:10     | Noticed a two-headed ogre
  5810 | D:10     | Cast into level 2 of the Abyss (Psyche)
  5862 | Abyss:2  | Noticed a thrashing horror
  5869 | Abyss:2  | Killed a thrashing horror
  5871 | Abyss:2  | Noticed a yellow draconian knight
  5890 | Abyss:2  | Demolished by a yellow draconian knight

Illustrated notes

Levels and vault maps discovered:
D:1:      wander_arrival_peaceful_grave, layout_loops_ring
D:2:      layout_loops_ring, zin_academy, lemuel_crystal_altar
D:4:      layout_loops_ring, lemuel_doored_altar, temple_green, uniq_menkaure,
          uniq_sigmund
D:5:      layout_loops_ring, hangedman_decor_clover_reticule,
          grunt_decor_arrowhead
D:6:      layout_cave_pools, serial_column_ruins, column_ruins_square_medium,
          column_ruins_hut, column_ruins_columns_straight, column_ruins_grid_4,
          column_ruins_open_small, column_ruins_grid_4, portal_sewer_entry_d
D:7:      layout_rooms, tgw_trog, minmay_misc_feat_enclosed,
          minmay_fractal_squares_gapless_5
D:8:      layout_loops_ring, erik_lair_orcish_takeover, special_room
          [special_room_orc], tgw_sif
D:9:      layout_cave_pools, kennysheep_mini, uniq_pikel
D:10:     layout_loops_cross, serial_bayou, serial_bayou_pond_b,
          serial_bayou_pond_a, serial_bayou_pond_d, serial_bayou_ford_a,
          serial_bayou_pond_c, serial_bayou_shore_b, minivault_4,
          eino_small_chamber_without_monster, uniq_psyche
Temple:   nicolae_temple_elliptical
Abyss:2:  base:
D:13

Skill      XL: |  1  2  3  4  5  6  7  8  9 10 11 |
---------------+----------------------------------+-----
Unarmed Combat | 4 5 6 7 8 10 12 | 12.0
Dodging        | 3 4 5 6 7 8 |  8.0
Fighting       | 3 4 5 6 7 8 |  8.0

Action                   |  1- 3 |  4- 6 |  7- 9 | 10-12 || total
-------------------------+-------+-------+-------+-------++-------
Melee: Unarmed           |    94 |    41 |   303 |   251 ||   689
       Punch             |       |       |    14 |    15 ||    29
Invok: Berserk           |     1 |     2 |     5 |     6 ||    14
       Trog's Hand       |       |       |       |     1 ||     1
       Brothers in Arms  |       |       |       |     1 ||     1
  Use: Scroll            |       |       |     7 |     3 ||    10
 Stab: Distracted        |       |     1 |       |       ||     1
Armor: Animal skin       |    48 |     6 |    34 |       ||    88
       Robe              |       |       |    32 |    49 ||    81
Dodge: Dodged            |    49 |    13 |   154 |   157 ||   373

Table legend: (Time is in decaauts)
 A = Elapsed time spent in this place.
 B = Non-inter-level travel time spent in this place.
 C = Inter-level travel time spent in this place.
 D = Time resting spent in this place.
 E = Time spent auto-exploring this place.
 F = Levels seen in this place.
 G = Mean time per level.
                   A        B        C        D        E       F      G
               +--------+--------+--------+--------+--------+-----+--------+
         Total |   5919 |   5639 |    280 |    455 |   3796 |  11 |  538.1 |
       Dungeon |   5827 |   5547 |    280 |    450 |   3796 |   9 |  647.4 |
        Temple |      1 |      1 |      0 |      0 |      0 |   1 |    1.0 |
         Abyss |     90 |     90 |      0 |      4 |      0 |   1 |   90.0 |
               +--------+--------+--------+--------+--------+-----+--------+

Top non-repeatable levels by time:
     D:7: 947 daAuts
     D:8: 871 daAuts
     D:4: 862 daAuts
     D:5: 822 daAuts
     D:6: 710 daAuts
     D:1: 688 daAuts
     D:9: 644 daAuts
    D:10: 259 daAuts
 Abyss:2: 90 daAuts
     D:2: 19 daAuts
  Temple: 1 daAuts
